 Dungeon Crawl Stone Soup version 0.23.2 (webtiles) character file.

Game seed: 17544430496880303

77 Fang the Skirmisher (level 4, -1/29 HPs)
             Began as a Gargoyle Berserker on Apr 8, 2019.
             Was a Believer of Trog.
             Slain by an orc priest
             ... wielding a +0 war axe
              (9 damage)
             ... on level 3 of the Dungeon.
             The game lasted 00:01:09 (1167 turns).

Fang the Skirmisher (Gargoyle Berserker)            Turns: 1167, Time: 00:01:10

Health: -1/29      AC:  5    Str: 22    XL:     4   Next: 33%
Magic:  4/4        EV: 12    Int:  7    God:    Trog [**....]
Gold:   46         SH:  0    Dex:  9    Spells: 3/3 levels left

rFire    . . .     SeeInvis .   a - +0 hand axe
rCold    . . .     Gourm    .   (no shield)
rNeg     + . .     Faith    .   b - +0 animal skin
rPois    ∞         Spirit   .   (no helmet)
rElec    +         Reflect  .   (no cloak)
rCorr    .         Harm     .   (no gloves)
MR       ++...                  (no boots)
Stlth    +.........             (no amulet)
HPRegen  1.09/turn              (no ring)
MPRegen  0.09/turn              (no ring)

@: regenerating
A: negative energy resistance 1, electricity resistance, unbreathing,
petrification resistance, rot immunity, AC +3
a: Berserk, Trog's Hand, Renounce Religion


You were on level 3 of the Dungeon.
You worshipped Trog.
Trog was pleased with you.
You were hungry.

You visited 1 branch of the dungeon, and saw 3 of its levels.

You collected 46 gold pieces.

Inventory:

Hand Weapons
 a - a +0 hand axe (weapon)
Armour
 b - a +0 animal skin (worn)
Scrolls
 e - a scroll of immolation {unknown}
 g - a scroll of identify {unknown}
 j - a scroll of magic mapping {unknown}
 k - a scroll of teleportation {unknown}
Potions
 d - a potion of brilliance {unknown}
 f - a potion of curing {unknown}
 i - 3 potions of might {unknown}
 l - a potion of mutation {unknown}
 m - a potion of heal wounds {unknown}
 n - a potion of cancellation {unknown}
Comestibles
 c - 2 rations
 h - 6 chunks of flesh


   Skills:
 + Level 3.9 Fighting
 + Level 3.3 Axes
 + Level 3.1 Armour
 + Level 2.2 Dodging


You had 3 spell levels left.
You didn't know any spells.
Your spell library was empty.

Dungeon Overview and Level Annotations

Branches:
Dungeon (2/15)

Altars:
Dithmenos


Innate Abilities, Weirdness & Mutations

You are resistant to torment.
Your stone body is resilient. (AC +3)
You are immune to poison.
You resist negative energy. (rN+)
You are resistant to electric shocks. (rElec)
You can survive without breathing.
You are immune to petrification.
You are immune to rotting.


Message History

You barely miss the orc.
You hit the orc priest but do no damage.
You feel the effects of Trog's Hand fading.
The orc closely misses you.
The orc priest hits you with a +0 war axe.
* * * LOW HITPOINT WARNING * * *
You hit the orc priest.
The orc priest is moderately wounded.
You barely miss the orc.
You recover from your berserk rage.
The orc barely misses you. The orc priest closely misses you.
You barely miss the orc priest.
The orc priest is moderately wounded.
You hit the orc but do no damage. The orc misses you.
The orc priest closely misses you.
You closely miss the orc priest.
The orc priest is moderately wounded.
You hit the orc but do no damage. The orc misses you.
The orc priest hits you with a +0 war axe!
You die...

#. #. #. ##. .. #.##
#.o# ######@######
#......o....#
#.####)####.#
#....####.#
#......##.###### ####
##.#..÷...##.##... ..#
#.....)_......#.# #.#
#..##.))...#....######.#
#.. #......#.##.##......


You could see an orc priest and an orc.

Vanquished Creatures
  An orc wizard (D:3)
  A worm (D:2)
  A dart slug (D:1)
  5 orcs (D:3)
  A ball python (D:1)
  A giant cockroach (D:1)
  9 goblins
  5 hobgoblins
  A quokka (D:3)
  3 bats (D:1)
  4 frilled lizards
  3 kobolds (D:1)
  5 rats
40 creatures vanquished.

Notes
Turn   | Place    | Note
-------+----------+-------------------------------------------
     0 | D:1      | Fang the Gargoyle Berserker began the quest for the Orb.
     0 | D:1      | Reached XP level 1. HP: 14/14 MP: 1/1
    92 | D:1      | Reached XP level 2. HP: 11/19 MP: 2/2
   530 | D:1      | Reached XP level 3. HP: 16/23 MP: 3/3
   952 | D:2      | Reached ** piety under Trog
  1053 | D:2      | You fall through a shaft!
  1095 | D:3      | Found a shadowy altar of Dithmenos.
  1110 | D:3      | Reached XP level 4. HP: 21/29 MP: 4/4
  1167 | D:3      | Slain by an orc priest

Skill      XL: |  1  2  3 |
---------------+----------+-----
Axes           | 3 |  3.3
Dodging        | 2 |  2.2
Armour         | 3 |  3.1
Fighting       | |  3.9

Action                   |  1- 3 |  4- 6 || total
-------------------------+-------+-------++-------
Melee: Hand axe          |   101 |    19 ||   120
Invok: Berserk           |     1 |       ||     1
       Trog's Hand       |       |     1 ||     1
  Eat: Chunk             |     1 |     1 ||     2
Armor: Animal skin       |    47 |     3 ||    50
Dodge: Dodged            |    97 |    20 ||   117
